 Dungeon Sprint DCSS version 0.24-a0-280-g7cec4da (webtiles) character file.

Game seed: 4400429689844220491

1149135 JimmahDean the Conqueror (level 21, 198/198 (201) HPs)
             Began as a Minotaur Fighter on May 7, 2019.
             Was the Champion of the Shining One.
             Escaped with the Orb
             ... and 1 rune!
             The game lasted 00:54:00 (11569 turns).

JimmahDean the Conqueror (Minotaur Fighter)        Turns: 11569, Time: 00:54:00

HP:   198/198 (201) AC: 35    Str: 33    XL:     21   Next: 63%
MP:   38/38         EV: 28    Int:  3    God:    the Shining One [******]
Gold: 73            SH: 32    Dex: 22    Spells: 48/48 levels left

rFire    + + .     SeeInvis +   b - +9 double sword (holy)
rCold    + + +     Gourm    .   v - +3 large shield {reflect}
rNeg     + + +     Faith    .   M - +2 gold dragon scales
rPois    +         Spirit   .   (helmet restricted)
rElec    +         Reflect  +   B - +2 cloak {MR+}
rCorr    .         Harm     .   r - +2 pair of gloves {Dex+3}
MR       ++...     Clarity  +   z - +2 pair of boots {run} Stlth +.........NoTele +
                                U - amulet of Xom's Wantonness {RegenMP +Blink rElec rPois rC+ Dex+2}
HPRegen  0.43/turn              W - ring "Zisseton" {rC+ Str+6 Slay+5 SInv}
MPRegen  0.51/turn              C - ring of Omosau {rF+ Dex+7 Slay+5 SInv Stlth-}

@: glowing, quick
A: retaliatory headbutt, horns 2, blurry vision 1, clarity, clumsy 1, deformed
body, dopey 1, frail 1, sense surroundings 1, weak 1, wild magic 1
0: Orb of Zot
}: 1/3 runes: iron
a: Divine Shield, Cleansing Flame, Summon Divine Warrior, Renounce Religion,
Evoke Blink


You escaped.
You worshipped the Shining One.
The Shining One was exalted by your worship.
You were very hungry.

You visited 1 branch You collected 73 gold pieces.

Inventory:

Hand Weapons
 a - a +9 double sword of flaming
 b - a +9 double sword of holy wrath (weapon)
Missiles
 D - a throwing net (quivered) {!f}
Armour
 r - a +2 pair of gloves of dexterity (worn)
 u - the +0 large shield "Tidiysit" {*Slow MR+ Str+4}
   (You found it in the Dungeon)

   It affects your strength (+4).
   It affects your resistance to hostile enchantments.
   It may slow you when you take damage.
 v - a +3 large shield of reflection (worn)
 z - a +2 pair of boots of running (worn)
 B - a +2 cloak of magic resistance (worn)
 M - +2 gold dragon scales (worn)
 S - the +0 pair of boots of the Enchanted Forest {+Blink rPois rC- Int+9 Slay+5}
   (You found it in the Dungeon)

   It affects your intelligence (+9).
   It affects your accuracy and damage with ranged weapons and melee attacks
   (+5).
   It makes you vulnerable to cold.
   It protects you from poison.
   It lets you blink.
Jewellery
 y - an uncursed ring of poison resistance
 A - an uncursed ring of flight
 C - the ring of Omosau (right hand) {rF+ Dex+7 Slay+5 SInv Stlth-}
   (You found it in the Dungeon)

   [ring of slaying]

   It affects your dexterity (+7).
   It affects your accuracy and damage with ranged weapons and melee attacks
   (+5).
   It protects you from fire.
   It lets you see invisible.
   It makes you less stealthy.
 E - an uncursed ring of protection from fire
 G - the ring of Phasing {EV+8}
   (You took it off an orc priest in the Dungeon)

   [ring of evasion]

   It affects your evasion (+8).
 J - the ring "Vaihyh" {MR+ Dex+5}
   (You found it in the Dungeon)

   [ring of protection from magic]

   It affects your dexterity (+5).
   It affects your resistance to hostile enchantments.
 U - the amulet of Xom's Wantonness (around neck) {RegenMP +Blink rElec rPois rC+ Dex+2}
   (You found it in the Dungeon)

   [amulet of magic regeneration]

   It increases your magic regeneration.
   It affects your dexterity (+2).
   It protects you from cold.
   It insulates you from electricity.
   It protects you from poison.
   It lets you blink.
 W - the ring "Zisseton" (left hand) {rC+ Str+6 Slay+5 SInv}
   (You found it in the Dungeon)

   [ring of slaying]

   It affects your strength (+6).
   It affects your accuracy and damage with ranged weapons and melee attacks
   (+5).
   It protects you from cold.
   It lets you see invisible.
Wands
 l - a wand of disintegration (13)
 K - a wand of polymorph (7)
 X - a wand of digging (3)
Scrolls
 k - 2 scrolls of blinking
 n - 4 scrolls of remove curse {@r2}
 o - 5 scrolls of amnesia
 p - a scroll of summoning
 q - 4 scrolls of identify {@r1}
 x - 3 scrolls of fog {@r3}
 I - a scroll of fear
Potions
 d - 2 potions of might
 e - 14 potions of curing {@q1}
 g - 27 potions of heal wounds {@q2}
 h - 2 potions of haste {@q3}
 i - 3 potions of magic
 j - 4 potions of berserk rage
 m - 2 potions of invisibility
 t - 5 potions of resistance
 L - 2 potions of brilliance
 N - 2 potions of agility
 Y - a potion of flight
 Z - a potion of lignification {!q}
Miscellaneous
 c - a phantom mirror
 w - a fan of gales
 F - a lightning rod (4/4) {!a}
 H - a lamp of fire
Comestibles
 f - 13 rations {@e1}


   Skills:
 O Level 27 Fighting
 O Level 27 Long Blades
   Level 15.6 Axes
 + Level 19.4 Throwing
 O Level 27 Armour
 O Level 27 Dodging
 O Level 27 Stealth
 O Level 27 Shields
 + Level 20.8 Unarmed Combat
 + Level 14.4 Spellcasting
 O Level 27 Invocations
 O Level 27 Evocations


You had 48 spell levels left.
You didn't know any spells.
Your spell library was empty.

Dungeon Overview and Level Annotations

Branches:
Dungeon (1/1)

Altars:
Ashenzari
Cheibriados
Dithmenos
Elyvilon
Fedhas
Gozag
Hepliaklqana
Kikubaaqudgha
Makhleb
Nemelex Xobeh
Okawaru
Qazlal
Ru
Sif Muna
Trog
Uskayaw
Vehumet
Wu Jian
Xom
Yredelemnul
Zin
The Shining One
Beogh
Jiyva
Lugonu

Annotations:
D exclusion: 2 doors


Innate Abilities, Weirdness & Mutations

You reflexively headbutt those who attack you in melee.
You have a pair of horns on your head.
Scrolls take you a little longer to read.
You possess an exceptional clarity of mind.
You are clumsy. (Dex -2)
Armour fits poorly on your strangely shaped body.
You are dopey. (Int -2)
You are frail. (-10% HP)
You passively map a small area around you.
You are weak. (Str -2)
Your spells are a little harder to cast, but a little more powerful.


Message History

a +0 war axe; a +0 long sword; a cursed +0 short sword a +1 cloak of poison resistance; a +0 flail You see here a +0 glaive of freezing.
There is a huge open gate to the Vestibule (Extremely Hard) here.
There is a huge open gate to the Vestibule (Extremely Hard), spattered with blood here.
Things that are here:
a +0 battleaxe of freezing; a +0 flail You feel a little less mighty now.
Health restored: 198 You see here a +2 great sword of flaming.
There is a huge open gate to the Grid Vault (Hard) here.
There is a huge open gate to the Main Hall (Safe) here.
You open the huge gate.
Your magical contamination has completely faded away.
There is a huge open gate to the Grid Vault (Hard) here.
There is a huge open gate to the Grid Vault (Hard) here.
An Orb Guardian comes into view.
There is an open door to the Entrance Hall (Safe) here.
There is a staircase leading out of the dungeon here.
You have escaped!

##########.##................''(.
#...........'................''()
#'#####'#####......#..#......##..
#.#..#..#..##.........X.....=##..
#)#.)'..)..#####X#####''#########
#.##'####+###.......##''##### ##
#.#........##.......##..X...# #.
#.#........##.......##......# #
#.#####'#####...@...###....## ##
#.#...)))..##.......# ##''## ###.
#[#...)[)[.##.......###....###...
#'###########.......##......#....
#)).....#..###########......'(...
#.###...#.############......#....
#.#.....#)#....#..[)###....###...
#.#...#.#'#....#..[.# ##''## ###.
#.....#.#)†....'..))# #..))# ##


You could see an Orb Guardian.

Vanquished Creatures
  the Royal Jelly (D)
  Dissolution (D)
  A pandemonium lord (D)
  Lom Lobon (D)
  Mnoleg (D)
  Dispater (D)
  Tiamat (D)
  Khufu (D)
  Mara (D)
  3 ancient liches (D)
  Mennas (D)
  3 orbs of fire (D)
  7 greater mummies (D)
  Boris (D)
  Frederick (D)
  the Lernaean hydra (D)
  A Killer Klown (D)
  Xtahua (D)
  3 curse toes (D)
  Margery (D)
  A golden dragon (D)
  Jory (D)
  2 pearl dragons (D)
  Nikola (D)
  2 bone dragons (D)
  5 electric golems (D)
  5 Brimstone Fiends (D)
  2 Tzitzimimeh (D)
  4 liches (D)
  3 Ice Fiends (D)
  4 Hell Sentinels (D)
  4 tentacled monstrosities (D)
  A hellephant (D)
  A deep elf blademaster (D)
  24 Orb Guardians (D)
  A quicksilver dragon (D)
  2 deep elf master archers (D)
  8 acid blobs (D)
  5 titans (D)
  A death cob (D)
  An eldritch tentacle (D)
  Murray (D)
  3 Executioners (D)
  6 shadow dragons (D)
  A sphinx (D)
  2 storm dragons (D)
  Agnes (D)
  2 nagarajas (D)
  3 draconian monks (D)
  14 azure jellies (D)
  2 draconian scorchers (D)
  4 ghost moths (D)
  5 fire giants (D)
  2 balrugs (D)
  An angel (D)
  Louise (D)
  An iron dragon (D)
  3 orc warlords (D)
  2 frost giants (D)
  A spriggan defender (D)
  2 draconian stormcallers (D)
  2 draconian shifters (D)
  2 war gargoyles (D)
  2 ophanim (D)
  3 reapers (D)
  2 green draconians (D)
  A vampire knight (D)
  2 apis (D)
  A black draconian (D)
  2 deep elf demonologists (D)
  3 purple draconians (D)
  2 yellow draconians (D)
  A lorocyproca (D)
  A deep elf annihilator (D)
  An ettin (D)
  2 white draconians (D)
  A dire elephant (D)
  3 red draconians (D)
  An eidolon (D)
  A merfolk javelineer (D)
  2 deep elf death magi (D)
  2 blizzard demons (D)
  A mummy priest (D)
  2 green deaths (D)
  15 death oozes (D)
  An ice dragon (D)
  A yaktaur captain (D)
  2 deep elf high priests (D)
  A rakshasa (D)
  2 vault guards (D)
  2 merfolk avatars (D)
  Harold (D)
  2 hell beasts (D)
  A hydra (D)
  2 anacondas (D)
  A catoblepas (D)
  3 naga warriors (D)
  An alligator (D)
  2 iron elementals (D)
  A death knight (D)
  2 dancing weapons (D)
  3 ogre magi (D)
  A two-headed ogre (D)
  A deep troll shaman (D)
  4 hell hogs (D)
  2 vampire magi (D)
  2 spriggan berserkers (D)
  2 deep elf knights (D)
  3 hell knights (D)
  A sun demon (D)
  Sonja (D)
  A sixfirhy (D)
  3 iron trolls (D)
  A sea snake (D)
  An unseen horror (D)
  A wizard (D)
  5 deep trolls (D)
  A swamp dragon (D)
  10 orc knights (D)
  A small abomination (D)
  2 phantasmal warriors (D)
  2 deep elf magi (D)
  A wolf spider (D)
  A manticore (D)
  A cyclops (D)
  An elephant (D)
  A moth of wrath (D)
  2 merfolk sirens (D)
  Maurice (D)
  Psyche (D)
  A rust devil (D)
  2 gargoyles (D)
  6 yaktaurs (D)
  3 hellions (D)
  A rime drake (D)
  3 tormentors (D)
  A demonic crawler (D)
  An ice devil (D)
  2 trolls (D)
  A red devil (D)
  A jumping spider (D)
  4 merfolk (D)
  A wind drake (D)
  A hornet (D)
  2 polar bears (D)
  A bog body (D)
  21 dream sheep (D)
  3 blink frogs (D)
  A hippogriff (D)
  A tarantella (D)
  2 shadows (D)
  A vampire (D)
  A flying skull (D)
  A ynoxinul (D)
  A spriggan (D)
  A water elemental (D)
  A golden eye (D)
  A fire elemental (D)
  A neqoxec (D)
  A large abomination (D)
  2 chaos spawn (D)
  7 wargs (D)
  An acid dragon (D)
  A soldier ant (D)
  A porcupine (D)
  A swamp drake (D)
  An ice beast (D)
  9 orc warriors (D)
  3 eyes of draining (D)
  An ogre (D)
  A necrophage (D)
  A wolf (D)
  2 centaurs (D)
  A crocodile (D)
  A bullfrog (D)
  A scorpion (D)
  5 killer bees (D)
  2 crimson imps (D)
  A hound (D)
  6 orc priests (D)
  4 orc wizards (D)
  An iron imp (D)
  2 worker ants (D)
  A mummy (D)
  2 gnolls (D)
  An adder (D)
  A river rat (D)
  2 ufetubi (D)
  A leopard gecko (D)
  15 orcs (D)
  A bat (D)
  A bat zombie (D)
  3 giant cockroaches (D)
  A goblin (D)
  A hobgoblin (D)
  4 jackals (D)
  A kobold (D)
  A quokka (D)
  A frilled lizard (D)
  A leopard gecko simulacrum (D)
  A crawling corpse (D)
466 creatures vanquished.

Vanquished Creatures (collateral kills)
  An ancient lich (D)
  A pandemonium lord (D)
  An electric golem (D)
  A tentacled monstrosity (D)
  An Orb Guardian (D)
  A deep elf master archer (D)
  An acid blob (D)
  3 nagarajas (D)
  An azure jelly (D)
  A deep elf sorcerer (D)
  2 orc warlords (D)
  A draconian shifter (D)
  A fire giant (D)
  A purple draconian (D)
  A red draconian (D)
  A deep elf annihilator (D)
  A dire elephant (D)
  A fire dragon (D)
  A death ooze (D)
  A yaktaur captain (D)
  2 ogre magi (D)
  A mummy priest (D)
  2 hydras (D)
  A naga warrior (D)
  An ice dragon (D)
  A death yak (D)
  A deep troll shaman (D)
  A deep elf knight (D)
  A sixfirhy (D)
  A wizard (D)
  A phantasmal warrior (D)
  4 orc knights (D)
  A naga mage (D)
  A black mamba (D)
  A smoke demon (D)
  A freezing wraith (D)
  3 yaktaurs (D)
  4 dream sheep (D)
  A tyrant leech (D)
52 creatures vanquished.

Vanquished Creatures (others)
  An Orb Guardian (D)
  An eldritch tentacle (D)
  A spriggan defender (D)
  A red draconian (D)
  A deep troll shaman (D)
  8 ball lightnings (D)
13 creatures vanquished.

Grand Total: 531 creatures vanquished

Notes
Turn   | Place    | Note
-------+----------+-------------------------------------------
     0 | D        | JimmahDean the Minotaur Fighter began the quest for the
                  | Orb.
     0 | D        | Reached XP level 1. HP: 19/19 MP: 0/0
    42 | D        | Found a bloodstained altar of Trog.
    42 | D        | Found a deep blue altar of Sif Muna.
    42 | D        | Found a viscous altar of Jiyva.
    42 | D        | Found a hazy altar of Hepliaklqana.
    42 | D        | Found an opulent altar of Gozag.
    43 | D        | Found a glowing golden altar of the Shining One.
    43 | D        | Found a glowing silver altar of Zin.
    43 | D        | Found a basalt altar of Yredelemnul.
    43 | D        | Found a shimmering altar of Xom.
    43 | D        | Found an ornate altar of the Wu Jian Council.
    43 | D        | Found a sacrificial altar of Ru.
    43 | D        | Found a stormy altar of Qazlal.
    43 | D        | Found an iron altar of Okawaru.
    43 | D        | Found a sparkling altar of Nemelex Xobeh.
    43 | D        | Found a burning altar of Makhleb.
    43 | D        | Found a blossoming altar of Fedhas.
    43 | D        | Found a white marble altar of Elyvilon.
    43 | D        | Found a shadowy altar of Dithmenos.
    43 | D        | Found a snail-covered altar of Cheibriados.
    44 | D        | Found a radiant altar of Vehumet.
    44 | D        | Found a corrupted altar of Lugonu.
    44 | D        | Found a roughly hewn altar of Beogh.
    45 | D        | Found a hide-covered altar of Uskayaw.
    45 | D        | Found an ancient bone altar of Kikubaaqudgha.
    45 | D        | Found a shattered altar of Ashenzari.
    47 | D        | Became a worshipper of the Shining One
    64 | D        | Reached * piety under the Shining One
    67 | D        | Reached XP level 2. HP: 25/27 MP: 1/1
    84 | D        | Noticed a bullfrog
    84 | D        | Reached ** piety under the Shining One
    88 | D        | Killed a bullfrog
    88 | D        | Reached skill level 10 in Long Blades
    88 | D        | Reached XP level 3. HP: 31/33 MP: 2/2
    88 | D        | Reached XP level 4. HP: 38/40 MP: 3/3
   170 | D        | Noticed a flying skull
   170 | D        | Reached *** piety under the Shining One
   170 | D        | Noticed a wolf
   186 | D        | Killed a flying skull
   186 | D        | Reached XP level 5. HP: 46/46 MP: 1/4
   197 | D        | Reached **** piety under the Shining One
   208 | D        | Reached XP level 6. HP: 51/52 MP: 3/5
   212 | D        | Reached ***** piety under the Shining One
   212 | D        | Reached skill level 1 in Dodging
   212 | D        | Reached skill level 1 in Invocations
   218 | D        | Reached skill level 5 in Armour
   218 | D        | Reached skill level 5 in Shields
   229 | D        | Reached skill level 5 in Fighting
   413 | D        | Reached XP level 7. HP: 61/61 MP: 8/8
   416 | D        | Noticed a two-headed ogre
   424 | D        | Killed a two-headed ogre
   424 | D        | Reached skill level 5 in Dodging
   424 | D        | Reached XP level 8. HP: 33/73 MP: 8/10
   605 | D        | Noticed Sonja
   607 | D        | Noticed a sea snake
   607 | D        | Killed Sonja
   607 | D        | Reached skill level 10 in Armour
   607 | D        | Reached skill level 10 in Shields
   607 | D        | Reached skill level 5 in Invocations
   608 | D        | Reached ****** piety under the Shining One
   622 | D        | Killed a sea snake
   622 | D        | Reached XP level 9. HP: 82/82 MP: 6/12
   672 | D        | Gained mutation: You are somewhat resistant to further
                  | mutation. [potion of mutation]
   672 | D        | Gained mutation: You possess an exceptional clarity of
                  | mind. [potion of mutation]
   672 | D        | Gained mutation: You can translocate small distances at
                  | will. [potion of mutation]
   766 | D        | Noticed a phantasmal warrior
   766 | D        | Noticed a tyrant leech
   773 | D        | Killed a phantasmal warrior
   776 | D        | Killed a tyrant leech
   980 | D        | Noticed a merfolk siren
   980 | D        | Noticed a red devil
   982 | D        | Killed a red devil
   986 | D        | Reached XP level 10. HP: 93/93 MP: 3/14
   988 | D        | Reached skill level 10 in Fighting
   996 | D        | Killed a merfolk siren
  1071 | D        | Noticed a cyclops
  1090 | D        | Killed a cyclops
  1212 | D        | Noticed an eight-headed hydra
  1222 | D        | Killed an eight-headed hydra
  1246 | D        | Noticed a black mamba
  1246 | D        | Noticed a purple draconian
  1250 | D        | Killed a black mamba
  1263 | D        | Killed a purple draconian
  1263 | D        | Reached skill level 15 in Armour
  1263 | D        | Reached skill level 15 in Shields
  1272 | D        | Noticed a smoke demon
  1276 | D        | Reached XP level 11. HP: 10/104 MP: 8/17
  1280 | D        | Reached skill level 10 in Invocations
  1628 | D        | Noticed a phantasmal warrior
  1639 | D        | Killed a phantasmal warrior
  1853 | D        | Reached skill level 15 in Fighting
  2072 | D        | Noticed a deep elf mage
  2079 | D        | Killed a deep elf mage
  2091 | D        | Noticed a death yak
  2091 | D        | Noticed a fire dragon
  2091 | D        | Noticed Psyche
  2094 | D        | Killed Psyche
  2099 | D        | Killed a fire dragon
  2104 | D        | Killed a death yak
  2322 | D        | Noticed a death knight
  2343 | D        | Killed a death knight
  2407 | D        | Noticed an orc knight
  2407 | D        | Noticed an orc knight
  2408 | D        | Noticed Agnes
  2408 | D        | Noticed an orc knight
  2425 | D        | Noticed an orc knight
  2427 | D        | Noticed an orc knight
  2431 | D        | Noticed an orc knight
  2432 | D        | Killed an orc knight
  2432 | D        | Noticed an orc knight
  2434 | D        | Killed an orc knight
  2436 | D        | Noticed an orc knight
  2437 | D        | Reached XP level 12. HP: 82/125 MP: 14/21
  2465 | D        | Noticed a fire giant
  2467 | D        | Noticed a yaktaur captain
  2468 | D        | Killed Agnes
  2468 | D        | Reached skill level 15 in Invocations
  2477 | D        | Noticed a naga warrior
  2479 | D        | Killed a fire giant
  2486 | D        | Killed a yaktaur captain
  2629 | D        | Killed a naga warrior
  2895 | D        | Noticed a naga warrior
  2914 | D        | Killed a naga warrior
  2929 | D        | Noticed an orc warlord
  2957 | D        | Killed an orc warlord
  2976 | D        | Noticed an orc warlord
  2985 | D        | Killed an orc warlord
  3007 | D        | Noticed a naga warrior
  3016 | D        | Killed a naga warrior
  3016 | D        | Reached XP level 13. HP: 74/139 MP: 19/25
  3033 | D        | Found the +8 longbow "Zephyr" {speed, Dex+3 SInv}
  3083 | D        | Identified a +9 double sword of holy wrath (a +7 double
                  | sword blessed by the Shining One)
  3083 | D        | Received a gift from the Shining One
  3364 | D        | Found the +15 Maxwell's patent armour {-Cast -Tele rElec
                  | MR+ rCorr}
  3400 | D        | Got the +0 large shield "Tidiysit" {*Slow MR+ Str+4}
  3455 | D        | Noticed Maurice
  3462 | D        | Reached skill level 15 in Long Blades
  3468 | D        | Killed Maurice
  3644 | D        | Reached skill level 1 in Evocations
  3647 | D        | Identified the ring "Vonnei" {Fire Str+3}
  3647 | D        | Noticed an orc warlord
  3649 | D        | Noticed an eidolon
  3665 | D        | Reached skill level 5 in Evocations
  3686 | D        | Killed an orc warlord
  3706 | D        | Reached skill level 10 in Evocations
  3709 | D        | Killed an eidolon
  3713 | D        | Identified the +10 short sword "Vaewi" {drain, +Inv rF+ rC+
                  | rN+}
  3728 | D        | Noticed Harold
  3737 | D        | Killed Harold
  3801 | D        | Noticed a ghost moth
  3808 | D        | Killed a ghost moth
  3819 | D        | Noticed a fire giant
  3823 | D        | Noticed Mara
  3824 | D        | Reached XP level 14. HP: 136/149 MP: 8/26
  3831 | D        | Noticed a fire giant
  3831 | D        | Noticed a vampire knight
  3832 | D        | Noticed JimmahDean's illusion
  3834 | D        | Killed a fire giant
  3840 | D        | Killed a vampire knight
  3857 | D        | Killed Mara
  3860 | D        | Killed a fire giant
  3885 | D        | Noticed a tentacled monstrosity
  3889 | D        | Killed a tentacled monstrosity
  4219 | D        | Noticed a bone dragon
  4222 | D        | Noticed a shadow dragon
  4244 | D        | Killed a shadow dragon
  4252 | D        | Killed a bone dragon
  4252 | D        | Noticed a balrug
  4263 | D        | Killed a balrug
  4285 | D        | Noticed a tentacled monstrosity
  4292 | D        | Identified the cursed +0 broad axe of Wisoggui {chop, +Inv
                  | Str+3 Int+6 Dex-5}
  4301 | D        | Killed a tentacled monstrosity
  4303 | D        | Identified the +6 halberd "Beetleslayer" {antimagic, +Rage
                  | rPois rC+ MR+}
  4320 | D        | Noticed an apis
  4322 | D        | Noticed a frost giant
  4329 | D        | Killed an apis
  4335 | D        | Killed a frost giant
  4337 | D        | Reached XP level 15. HP: 137/164 MP: 27/27
  4338 | D        | Noticed an orc warlord
  4339 | D        | Identified the +9 flail "Cuqokles" {pain, rF+}
  4355 | D        | Killed an orc warlord
  4381 | D        | Noticed a tentacled monstrosity
  4398 | D        | Killed a tentacled monstrosity
  4802 | D        | Noticed a bone dragon
  4824 | D        | Killed a bone dragon
  4932 | D        | Got the +0 pair of boots of the Enchanted Forest {+Blink
                  | rPois rC- Int+9 Slay+5}
  5037 | D        | Noticed a death cob
  5037 | D        | Noticed a lich
  5037 | D        | Noticed a titan
  5041 | D        | Noticed a Brimstone Fiend
  5046 | D        | Killed a lich
  5046 | D        | Reached skill level 27 in Fighting
  5047 | D        | Killed a death cob
  5047 | D        | Reached skill level 10 in Dodging
  5049 | D        | Killed a titan
  5056 | D        | Noticed a nagaraja
  5060 | D        | Killed a nagaraja
  5068 | D        | Noticed a green draconian scorcher
  5076 | D        | Noticed a nagaraja
  5079 | D        | Killed a green draconian scorcher
  5098 | D        | Killed a nagaraja
  5281 | D        | Noticed a nagaraja
  5292 | D        | Killed a nagaraja
  5299 | D        | Noticed a nagaraja
  5310 | D        | Killed a nagaraja
  5438 | D        | Got the ring "Vaihyh" {MR+ Dex+5}
  5440 | D        | Got the amulet of Xom's Wantonness {RegenMP +Blink rElec
                  | rPois rC+ Dex+2}
  5445 | D        | Got the ring "Xynajeff" {rElec rC+ Int+4 Slay-3 Stlth+}
  5447 | D        | Got the ring "Zisseton" {rC+ Str+6 Slay+5 SInv}
  5453 | D        | Got the amulet "Kelet" {Reflect SH+6 Stlth+}
  5456 | D        | Got the amulet "Esu Deli" {*Drain rPois Regen+ Dex+7
                  | Stlth+}
  5459 | D        | Got the ring of the King {MP+9 Dex+3}
  5462 | D        | Got the ring of the Ancients {Fire Int+3}
  5465 | D        | Got the ring of Totatz {Ice rElec MP+9}
  5469 | D        | Got the ring "Hoakhoeg" {Ice rElec rPois MR+}
  5472 | D        | Got the ring "Pummur" {Wiz rF+}
  5475 | D        | Got the ring "Heden" {rF+ rN+ Int+2 Dex+2}
  5480 | D        | Got the ring of Omosau {rF+ Dex+7 Slay+5 SInv Stlth-}
  5485 | D        | Got the ring of Doyrukk {rF+ rN+}
  5488 | D        | Got the ring of Guoqigexza {rF+ rN+}
  5491 | D        | Got the ring "Yggeuplu" {Fire *Slow rElec Str-4 Dex+7}
  5494 | D        | Got the ring "Puyttaq" {rC- rN+ Int+7}
  5497 | D        | Got the ring of Nulloo {Str+3 Dex+6}
  5500 | D        | Got the ring of Royalty {MR+ MP+9 Int+6}
  5503 | D        | Got the ring "Donwucwo" {Ice -Tele Dex+3 Slay+4 SInv}
  5508 | D        | Got the amulet "Gusig" {Spirit rPois rC- Str+5 Int+3}
  5642 | D        | Lost mutation: You can translocate small distances at will.
                  | [potion of mutation]
  5642 | D        | Lost mutation: You possess an exceptional clarity of mind.
                  | [potion of mutation]
  5642 | D        | Lost mutation: You are somewhat resistant to further
                  | mutation. [potion of mutation]
  5642 | D        | Gained mutation: Your spells are a little harder to cast,
                  | but a little more powerful. [potion of mutation]
  5642 | D        | Gained mutation: Your mind is acute. (Int +2) [potion of
                  | mutation]
  5642 | D        | Gained mutation: You do not regenerate when monsters are
                  | visible. [potion of mutation]
  5642 | D        | Gained mutation: You are somewhat resistant to further
                  | mutation. [potion of mutation]
  5643 | D        | Lost mutation: You do not regenerate when monsters are
                  | visible. [potion of mutation]
  5643 | D        | Lost mutation: You are somewhat resistant to further
                  | mutation. [potion of mutation]
  5643 | D        | Gained mutation: You possess an exceptional clarity of
                  | mind. [potion of mutation]
  5643 | D        | Gained mutation: You expend magic power (3 MP) to
                  | strengthen your wands. [potion of mutation]
  5643 | D        | Gained mutation: You are covered in fur. (AC +1) [potion of
                  | mutation]
  5674 | D        | Noticed a lich
  5676 | D        | Killed a lich
  5679 | D        | Noticed a greater mummy
  5684 | D        | Killed a greater mummy
  5684 | D        | Reached skill level 15 in Dodging
  5684 | D        | Reached XP level 16. HP: 183/183 MP: 28/28
  5842 | D        | Noticed a shadow dragon
  5845 | D        | Killed a shadow dragon
  5848 | D        | Noticed a Hell Sentinel
  5850 | D        | Killed a Hell Sentinel
  5856 | D        | Noticed a Brimstone Fiend
  5856 | D        | Noticed Ubauh the pandemonium lord
  5871 | D        | Killed Ubauh the pandemonium lord
  5874 | D        | Killed a Brimstone Fiend
  6204 | D        | Noticed a Brimstone Fiend
  6206 | D        | Killed a Brimstone Fiend
  6209 | D        | Noticed the 27-headed Lernaean hydra
  6214 | D        | Killed the 27-headed Lernaean hydra
  6313 | D        | Noticed Xtahua
  6321 | D        | Killed Xtahua
  6326 | D        | Identified the +4 staff of Dispater
  6326 | D        | Noticed Dispater
  6336 | D        | Gained mutation: You are frail. (-10% HP) [a cacodemon]
  6342 | D        | Killed Dispater
  6413 | D        | Noticed a tentacled monstrosity
  6415 | D        | Killed a tentacled monstrosity
  6417 | D        | Noticed a curse toe
  6421 | D        | Killed a curse toe
  6542 | D        | Noticed an Ice Fiend
  6547 | D        | Killed an Ice Fiend
  6547 | D        | Reached XP level 17. HP: 79/171 MP: 30/32
  6815 | D        | Noticed a curse toe
  6817 | D        | Killed a curse toe
  6819 | D        | Noticed a pearl dragon
  6825 | D        | Killed a pearl dragon
  7027 | D        | Noticed a greater mummy
  7043 | D        | Killed a greater mummy
  7049 | D        | Noticed a Hell Sentinel
  7056 | D        | Killed a Hell Sentinel
  7186 | D        | Noticed a greater mummy
  7189 | D        | Noticed Lom Lobon
  7191 | D        | Killed a greater mummy
  7201 | D        | Noticed a Brimstone Fiend
  7201 | D        | Noticed Frederick
  7203 | D        | Killed Lom Lobon
  7203 | D        | Reached skill level 27 in Invocations
  7206 | D        | Killed a Brimstone Fiend
  7206 | D        | Reached skill level 27 in Dodging
  7215 | D        | Killed Frederick
  7233 | D        | Noticed a deep elf master archer
  7238 | D        | Killed a deep elf master archer
  7239 | D        | Noticed a golden dragon
  7247 | D        | Killed a golden dragon
  7254 | D        | Noticed a Hell Sentinel
  7263 | D        | Noticed a Hell Sentinel
  7273 | D        | Noticed an orb of fire
  7273 | D        | The Shining One protects you from harm!
  7275 | D        | Noticed an orb of fire
  7276 | D        | Noticed Boris
  7281 | D        | Gained mutation: You are very frail. (-20% HP) [an orb of
                  | fire]
  7285 | D        | Gained mutation: You are clumsy. (Dex -2) [an orb of fire]
  7287 | D        | Killed an orb of fire
  7287 | D        | Reached XP level 18. HP: 54/160 MP: 34/34
  7640 | D        | Reached skill level 27 in Shields
  7648 | D        | Noticed a Brimstone Fiend
  7654 | D        | Killed a Brimstone Fiend
  7657 | D        | Killed Boris
  7658 | D        | Noticed a Brimstone Fiend
  7660 | D        | Killed a Brimstone Fiend
  7675 | D        | Gained mutation: Your magical capacity is low. (-10% MP)
                  | [an orb of fire]
  7677 | D        | Gained mutation: You are weak. (Str -2) [an orb of fire]
  7681 | D        | Gained mutation: You are extremely frail. (-30% HP) [an orb
                  | of fire]
  7683 | D        | Killed an orb of fire
  7820 | D        | Lost mutation: You are covered in fur. (AC +1) [potion of
                  | mutation]
  7820 | D        | Lost mutation: You are extremely frail. (-30% HP) [potion
                  | of mutation]
  7820 | D        | Gained mutation: You are resistant to electric shocks.
                  | (rElec) [potion of mutation]
  7821 | D        | Lost mutation: Your magical capacity is low. (-10% MP)
                  | [potion of mutation]
  7821 | D        | Lost mutation: You are resistant to electric shocks.
                  | (rElec) [potion of mutation]
  7821 | D        | Lost mutation: You expend magic power (3 MP) to strengthen
                  | your wands. [potion of mutation]
  7821 | D        | Lost mutation: You are very frail. (-20% HP) [potion of
                  | mutation]
  7821 | D        | Lost mutation: Your mind is acute. (Int +2) [potion of
                  | mutation]
  7821 | D        | Gained mutation: Armour fits poorly on your strangely
                  | shaped body. [potion of mutation]
  7821 | D        | Gained mutation: You passively map a small area around you.
                  | [potion of mutation]
  7823 | D        | Noticed an ancient lich
  7828 | D        | Killed an ancient lich
  7828 | D        | Reached skill level 27 in Armour
  8086 | D        | Noticed an electric golem
  8092 | D        | Killed an electric golem
  8112 | D        | Noticed an electric golem
  8119 | D        | Reached skill level 27 in Long Blades
  8119 | D        | Reached skill level 1 in Stealth
  8130 | D        | Killed an electric golem
  8138 | D        | Noticed an electric golem
  8145 | D        | Killed an electric golem
  8162 | D        | Got the ring "Sovvonass" {rC+ Slay+2}
  8165 | D        | Got an iron rune of Zot
  8167 | D        | Got the ring of the Leaf {MR+ Str+2 Dex+5}
  8170 | D        | Got the ring of Wenimet {-Tele +Fly rElec rC+++ rN+}
  8173 | D        | Got the ring of Yfikkuc {Wiz Dex+3}
  8176 | D        | Got the ring "Loaxiggu" {Wiz +Inv rC- rN++ Dex+2}
  8180 | D        | Got the ring of the Elephant {rC+ MR+ Slay+2}
  8183 | D        | Got the ring of Wonder {rElec Dex+2 SInv}
  8219 | D        | Identified a +2 pair of boots of running (You found it in
                  | the Dungeon)
  8322 | D        | Gained mutation: You are dopey. (Int -2) [a neqoxec]
  8326 | D        | Noticed a greater mummy
  8339 | D        | Reached skill level 10 in Stealth
  8367 | D        | Killed a greater mummy
  8367 | D        | Reached skill level 15 in Evocations
  8376 | D        | Reached XP level 19. HP: 162/184 MP: 35/35
  8389 | D        | Noticed Murray
  8391 | D        | Found the +6 Majin-Bo {vamp, Archmagi MP+6 Int+6}
  8406 | D        | Killed Murray
  8474 | D        | Noticed a hellephant
  8483 | D        | Reached skill level 15 in Stealth
  8925 | D        | Noticed Margery
  8938 | D        | Killed Margery
  8996 | D        | Killed a hellephant
  9144 | D        | Noticed Mnoleg
  9195 | D        | Noticed Vicsous the pandemonium lord
  9206 | D        | Killed Vicsous the pandemonium lord
  9220 | D        | Killed Mnoleg
  9234 | D        | Noticed Nikola
  9236 | D        | Noticed Louise
  9243 | D        | Noticed Mennas
  9253 | D        | Killed Nikola
  9257 | D        | Killed Louise
  9271 | D        | Killed Mennas
  9603 | D        | Noticed an electric golem
  9607 | D        | Reached XP level 20. HP: 190/194 MP: 36/36
  9607 | D        | Noticed Dissolution
  9609 | D        | Noticed an ancient lich
  9609 | D        | Noticed a curse toe
  9615 | D        | Killed Dissolution
  9629 | D        | Killed an ancient lich
  9639 | D        | Killed a curse toe
  9641 | D        | Noticed an ancient lich
  9659 | D        | Killed an ancient lich
  9684 | D        | Reached skill level 27 in Evocations
  9854 | D        | Noticed Jory
  9860 | D        | Noticed a greater mummy
  9863 | D        | Noticed the Royal Jelly
  9904 | D        | Reached skill level 27 in Stealth
  9904 | D        | Reached skill level 1 in Throwing
  9904 | D        | Reached skill level 1 in Unarmed Combat
  9919 | D        | Reached skill level 1 in Spellcasting
  9957 | D        | Reached skill level 5 in Axes
 10166 | D        | Killed Jory
 10166 | D        | Reached skill level 5 in Unarmed Combat
 10293 | D        | Reached skill level 5 in Throwing
 10365 | D        | Reached skill level 10 in Axes
 10371 | D        | Noticed a pearl dragon
 10388 | D        | Killed a pearl dragon
 10397 | D        | Reached skill level 5 in Spellcasting
 10406 | D        | Identified the +4 dragonskin cloak
 10406 | D        | Noticed Tiamat
 10440 | D        | Killed Tiamat
 10440 | D        | Reached skill level 15 in Axes
 10440 | D        | Reached skill level 10 in Unarmed Combat
 10446 | D        | Reached skill level 10 in Throwing
 10643 | D        | Noticed a Killer Klown
 10656 | D        | Killed a Killer Klown
 10816 | D        | Identified the +7 large shield of Ennui {Str+2 Int+2 SInv}
 10826 | D        | Killed the Royal Jelly
 10826 | D        | Reached XP level 21. HP: 135/201 MP: 10/37
 10857 | D        | Killed a greater mummy
 10857 | D        | Reached skill level 15 in Unarmed Combat
 10857 | D        | Reached skill level 10 in Spellcasting
 10882 | D        | Noticed a greater mummy
 10896 | D        | Killed a greater mummy
 10896 | D        | Reached skill level 15 in Throwing
 11436 | D        | Noticed a greater mummy
 11438 | D        | Noticed Khufu
 11457 | D        | Killed Khufu
 11461 | D        | Killed a greater mummy
 11468 | D        | Noticed an orb of fire
 11468 | D        | Noticed an ancient lich
 11472 | D        | Gained mutation: Scrolls take you a little longer to read.
                  | [an orb of fire]
 11474 | D        | Killed an ancient lich
 11479 | D        | Killed an orb of fire
 11485 | D        | Got the Orb of Zot
 11569 | D        | Escaped with the Orb!

Levels and vault maps discovered:
D:        pitsprint [storerooms_1, entrance_room_1, metal_vault_2, armoury_3,
          mini_pit_1, grid_room_1, main_hall_1, silver_pit, the_coven_2,
          the_vestibule_1, steel_vault_3, golden_pit, hallway_of_sentries,
          crystal_vault_2, iron_vault_4, final_vault]

Skill      XL: |  1  2  3  4  5  6  7  8  9 10 11 12 13 14 15 16 17 18 19 20 21 |
---------------+----------------------------------------------------------------+-----
Long Blades    | 6 10 13 14 18 20 27 | 27.0
Fighting       | 4 5 7 8 9 11 17 20 23 27 | 27.0
Armour         | 4 7 9 11 13 15 19 22 24 27 | 27.0
Shields        | 4 6 9 11 13 15 18 25 26 27 | 27.0
Dodging        | 3 5 7 8 9 15 22 27 | 27.0
Invocations    | 3 4 6 7 9 13 18 19 24 27 | 27.0
Evocations     | 10 15 24 27 | 27.0
Stealth        | 13 22 27 | 27.0
Axes           | 15 | 15.6
Throwing       | 13 19 | 19.4
Unarmed Combat | 14 20 | 20.8
Spellcasting   | 9 14 | 14.4

Action                   |  1- 3 |  4- 6 |  7- 9 | 10-12 | 13-15 | 16-18 | 19-21 || total
-------------------------+-------+-------+-------+-------+-------+-------+-------++-------
Melee: Long sword        |    17 |    55 |    31 |       |       |       |       ||   103
       Headbutt          |     1 |     5 |     9 |    59 |   109 |   127 |   177 ||   487
       Scimitar          |       |       |    12 |   274 |     8 |       |       ||   294
       Double sword      |       |       |       |       |   353 |   295 |   431 ||  1079
Invok: Divine Shield     |       |     1 |       |     1 |     2 |       |       ||     4
       Cleansing Flame   |       |       |     3 |       |    11 |     6 |     5 ||    25
       Summon Divine War |       |       |     1 |     9 |     6 |       |    10 ||    26
       Brand Weapon With |       |       |       |       |     1 |       |       ||     1
Evoke: Lightning rod     |       |       |       |       |     2 |     2 |     4 ||     8
       Lamp of fire      |       |       |       |       |       |     1 |       ||     1
  Use: Potion            |       |       |     1 |     4 |     7 |     8 |     6 ||    26
       Scroll            |       |       |       |     2 |     8 |     1 |     5 ||    16
  Eat: Chunk             |       |       |     1 |     6 |     7 |     6 |     6 ||    26
       Ration            |       |       |       |     1 |     1 |     1 |     2 ||     5
Armor: Scale mail        |     4 |     5 |       |       |       |       |       ||     9
       Chain mail        |       |    12 |     4 |       |       |       |       ||    16
       Plate armour      |       |       |     4 |    43 |   126 |       |       ||   173
       Gold dragon scale |       |       |       |       |       |    83 |   113 ||   196
Dodge: Dodged            |     3 |     3 |    10 |    50 |   115 |   154 |   210 ||   545
Block: Shield            |     5 |    27 |    18 |   117 |     5 |       |       ||   172
       Reflection        |       |       |       |     7 |       |       |    20 ||    27
       Large shield      |       |       |       |       |   367 |   282 |   507 ||  1156
       Rpst.: Long sword |     1 |       |     2 |       |       |       |       ||     3
       Scimitar          |       |       |       |    10 |     1 |       |       ||    11
       Double sword      |       |       |       |       |    12 |    12 |    22 ||    46

Table legend:
 A = Non-vault XP
 B = Vault XP
 C = Vault XP percentage of total XP
 D = Non-vault monster count
 E = Vault monster count
 F = Vault count percentage of total count
                 A         B        C        D         E       F
            +---------+---------+-------+---------+---------+-------
      Total |     871 |  661493 |  99.9 |       2 |     482 |  99.6
            +---------+---------+-------+---------+---------+-------
          D |     871 |  661493 |  99.9 |       2 |     482 |  99.6
            +---------+---------+-------+---------+---------+-------
